 Dungeon Crawl Stone Soup version 0.30.0-5-g1a98f26d00 (webtiles) character file.

Game seed: 13133315633466634422

20064 avis the Dancer (level 12, -5/92 HPs)
             Began as a Merfolk Transmuter on May 11, 2023.
             Was a Follower of Uskayaw.
             Slain by a two-headed ogre simulacrum (14 damage)
             ... in an ice cave on May 13, 2023.
             The game lasted 02:21:34 (19630 turns).

avis the Dancer (Merfolk Transmuter)               Turns: 19630, Time: 02:21:35

Health: -5/92      AC:  8    Str: 12    XL:     12   Next: 75%
Magic:  20/21      EV: 15    Int: 14    God:    Uskayaw [*.....]
Gold:   780        SH:  0    Dex: 16    Spells: 6/21 levels left

rFire   x . .        b - melded +0 shortbow (drain)
rCold   + . .        (shield currently unavailable)
rNeg    . . .        U - +0 acid dragon scales
rPois   .            d - +0 hat
rElec   .            Z - +0 cloak {Stlth+}
rCorr   +            (gloves currently unavailable)
SInv    .            K - +0 pair of boots
Will    .....        l - amulet of faith
Stlth   ++++         a - ring of flight
HPRegen 0.35/turn    n - ring of ice
MPRegen 0.17/turn

%: faith
@: blade hands, flying
A: (nimble swimmer 2), mertail
a: End Transformation, Renounce Religion, Stomp


You were in an ice cave.
You worshipped Uskayaw.
Uskayaw was pleased with you.
You had blades for hands.
You visited 3 branches of the dungeon, and saw 14 of its levels.
You also visited: Ossuary, Bailey and Ice Cave.

You collected 871 gold pieces.
You spent 91 gold pieces at shops.

Inventory:

Hand Weapons
 b - a +0 shortbow of draining (melded)
Missiles
 H - 2 throwing nets
Armour
 d - a +0 hat (worn)
 p - a +2 chain mail of cold resistance
 K - a +0 pair of boots (worn)
 U - +0 acid dragon scales (worn)
 Z - a +0 cloak of stealth (worn)
Jewellery
 a - a ring of flight (left blade hand)
 h - a ring of see invisible
 l - an amulet of faith (around neck)
 n - a ring of ice (right blade hand)
 r - a ring of protection from fire
 y - a ring of positive energy
Wands
 o - a wand of acid (10)
 D - a wand of flame (40)
 F - a wand of paralysis (11)
 I - a wand of digging (10)
 P - a wand of polymorph (12)
 R - a wand of iceblast (13)
Scrolls
 c - 5 scrolls of teleportation
 g - 3 scrolls of enchant weapon {unknown}
 j - 4 scrolls of poison {unknown}
 m - 3 scrolls of enchant armour {unknown}
 s - 3 scrolls of vulnerability {unknown}
 t - 4 scrolls of magic mapping {unknown}
 u - 4 scrolls of blinking {unknown}
 v - a scroll of torment {unknown}
 x - 2 scrolls of silence {unknown}
 B - 2 scrolls of fear {unknown}
 C - 2 scrolls of fog {unknown}
 J - 2 scrolls of immolation {unknown}
 L - a scroll of summoning {unknown}
 N - 4 scrolls of brand weapon {unknown}
 W - a scroll of amnesia {unknown}
Potions
 e - 2 potions of berserk rage
 f - a potion of cancellation
 i - 2 potions of brilliance
 k - 2 potions of curing
 w - a potion of might
 z - 2 potions of magic
 A - a potion of resistance
 E - 3 potions of invisibility
 M - 9 potions of lignification
 O - 4 potions of heal wounds
 T - a potion of haste
 V - 5 potions of flight
 Y - a potion of ambrosia {unknown}
Miscellaneous
 q - a phantom mirror
 Q - a phial of floods


   Skills:
 - Level 8.0 Fighting
 - Level 8.0 Dodging
 - Level 5.0 Stealth
 - Level 12.0 Unarmed Combat
 - Level 5.0 Spellcasting
 - Level 10.0 Transmutations
 - Level 4.0 Ice Magic
 - Level 1.0 Poison Magic
 * Level 12.3 Invocations


You had 6 spell levels left.
You knew the following spells:

 Your Spells              Type           Power      Damage    Failure   Level
a - Beastly Appendage     Tmut           62%        N/A       11%         1
e - Wereblood             Tmut           31%        N/A       13%         2
p - Spider Form           Tmut/Pois      18%        N/A       43%         3
q - Ice Form              Ice/Tmut       34%        N/A       54%         4
B - Blade Hands           Tmut           15%        N/A       50%         5

Your spell library contained the following spells:

 Spells                   Type           Power      Damage    Failure   Level
 Ensorcelled Hibernation  Hex/Ice        26%        N/A       58%         2
 Ignite Poison            Fire/Tmut/Pois 13%        N/A       61%         3
 Magic Dart               Conj           12%        1d3       69%         1
 Cigotuvi's Dreadful Rot  Necr/Pois/Air  8%         N/A       77%         2
 Call Imp                 Summ           6%         N/A       78%         2
 Mephitic Cloud           Conj/Pois/Air  4%         N/A       90%         3
 Call Canine Familiar     Summ           3%         N/A       92%         3
 Portal Projectile        Hex/Tloc       6%         N/A       92%         3
 Tukima's Dance           Hex            3%         N/A       92%         3
 Volatile Blastmotes      Fire/Tloc      6%         2d10      92%         3
 Anguish                  Hex/Necr       1%         N/A       99%         4
 Fulminant Prism          Conj/Hex       1%         3d5       99%         4
 Iskenderun's Mystic Bla  Conj/Tloc      3%         2d3       99%         4
 Leda's Liquefaction      Hex/Erth       1%         N/A       99%         4
 Freezing Cloud           Conj/Ice/Air   5%         6-21      100%        5
 Lee's Rapid Deconstruct  Erth           1%         3d4*      100%        5
 Simulacrum               Ice/Necr       6%         N/A       100%        6
 Ozocubu's Refrigeration  Ice            11%        4d9       100%        7
 Polar Vortex             Ice            11%        N/A       100%        9


Dungeon Overview and Level Annotations

Branches:
Dungeon (11/15)            Temple (1/1) D:7            Lair (2/5) D:11
    Orc (0/2) D:9         Ossuary (visited)          Bailey (visited)
  IceCv (1/1)
  Swamp: Lair:2-3    Shoals: Lair:2-3     Snake: Lair:2-3    Spider: Lair:2-3

Altars:
Ashenzari
Cheibriados
Dithmenos
Elyvilon
Fedhas
Gozag
Hepliaklqana
Kikubaaqudgha
Makhleb
Nemelex Xobeh
Okawaru
Qazlal
Ru
Sif Muna
Trog
Uskayaw
Vehumet
Wu Jian
Xom
Yredelemnul
Zin
The Shining One

Shops:
D:4 *

Annotations:
D:7 1 runed translucent door, Zvl3's ghost, novice TeAE
D:10 Treasure and demons


Innate Abilities, Weirdness & Mutations

You have blades for hands.
Your spellcasting is less reliable in this form.
You are incapable of wielding weapons or throwing items.
((You are very nimble when in or above water. (Stealth+, EV+, Speed+++)))
Your lower body shifts to a powerful aquatic tail in water.


Message History

You hit the spriggan simulacrum.
The spriggan simulacrum is lightly damaged.
You can now pass through a line of other dancers.
You barely miss the spriggan simulacrum.
The spriggan simulacrum is lightly damaged.
You slash the white imp!
You kill the white imp!
You hit the spriggan simulacrum.
The spriggan simulacrum is lightly damaged.
The spriggan simulacrum misses you.
You slice the spriggan simulacrum!!
The spriggan simulacrum vaporises!
You start resting.
A two-headed ogre simulacrum is nearby!
The two-headed ogre simulacrum hits you!
The two-headed ogre simulacrum freezes you!
You resist.
The two-headed ogre simulacrum misses you.
The two-headed ogre simulacrum hits you but does no damage.
The two-headed ogre simulacrum completely misses you.
You can no longer pass through a line of other dancers.
The two-headed ogre simulacrum hits you but does no damage.
The two-headed ogre simulacrum hits you.
The two-headed ogre simulacrum freezes you.
You resist.
The two-headed ogre simulacrum barely misses you.
The two-headed ogre simulacrum hits you.
The two-headed ogre simulacrum freezes you!
You resist.
The two-headed ogre simulacrum hits you but does no damage. x2
The two-headed ogre simulacrum hits you!
* * * LOW HITPOINT WARNING * * *
The two-headed ogre simulacrum freezes you!
You resist.
* * * LOW HITPOINT WARNING * * *
The two-headed ogre simulacrum hits you.
* * * LOW HITPOINT WARNING * * *
The two-headed ogre simulacrum freezes you!
You resist.
You die...

### ..#####
##....#### ###
##..#...###≈#
###.#..##≈≈#######
###...##≈≈##..@..#
##....##≈≈#..###Z.#
#....##≈≈#.####..##
##..###≈##.## ..###
.###...###.# ##.
#.####...#.# Z
.####...##.# .#
.##...###.###.
....###..## .


You could see a two-headed ogre simulacrum.

Vanquished Creatures
  Fannar (D:10)
  Lodul (D:9)
  Pikel (D:8)
  An ugly thing (D:9)
  A manticore (D:11)
  2 cyclopes (D:11)
  5 slime creatures (D:11)
  3 cane toads
  2 rime drakes
  An unseen horror (D:11)
  A komodo dragon (D:11)
  2 trolls
  A hornet (D:5)
  2 vampires (D:10)
  3 wyverns
  13 yaks
  2 steam dragons
  Grum (D:8)
  A hydra simulacrum (IceCv)
  An acid dragon (D:10)
  Duvessa (D:4)
  6 water moccasins
  3 black bears
  An ice beast (D:5)
  A sky beast (D:6)
  14 orc warriors
  7 centaurs
  2 wolves (D:8)
  13 ogres
  2 phantoms
  10 bullfrogs
  5 kobold brigands
  2 cane toad simulacra (IceCv)
  5 elf skeletons (D:4)
  3 gnoll sergeants
  10 scorpions
  4 two-headed ogre simulacra (IceCv)
  16 wights
  Dowan (D:4)
  2 elephant simulacra (IceCv)
  18 killer bees
  2 hounds
  4 human zombies (Ossuary)
  2 jellies
  6 orc priests
  A human skeleton (D:4)
  2 sleepcaps
  A gnoll bouda (D:7)
  Ijyb (D:4)
  3 iguanas
  4 scorpion zombies (Ossuary)
  12 orc wizards
  4 spriggan simulacra (IceCv)
  2 troll simulacra (IceCv)
  3 mummies (Ossuary)
  5 adders
  14 gnolls
  3 naga simulacra (IceCv)
  A shadow imp (D:7)
  2 white imps (IceCv)
  8 ufetubi
  3 worms (D:2)
  4 dart slugs
  44 orcs
  2 ball pythons (D:3)
  8 endoplasms
  2 giant cockroaches
  2 gnoll zombies (Ossuary)
  3 hobgoblins
  4 jackals (D:1)
  30 kobolds
  4 quokkas
  7 bats
  2 frilled lizards (D:2)
  12 goblins
  3 goblin zombies (Ossuary)
  A hobgoblin zombie (Ossuary)
  4 kobold zombies (Ossuary)
  3 orc zombies (Ossuary)
  8 rats
397 creatures vanquished.

Vanquished Creatures (others)
  A yak (Lair:2)
1 creature vanquished.

Grand Total: 398 creatures vanquished

Notes
Turn   | Place    | Note
-------+----------+-------------------------------------------
     0 | D:1      | avis the Merfolk Transmuter began the quest for the Orb.
     0 | D:1      | Reached XP level 1. HP: 15/15 MP: 3/3
    96 | D:1      | Reached XP level 2. HP: 22/22 MP: 3/5
   495 | D:1      | Reached XP level 3. HP: 27/27 MP: 4/6
   560 | D:1      | Reached skill level 1 in Stealth
   618 | D:1      | Learned a level 2 spell: Wereblood
   622 | D:1      | Learned a level 3 spell: Spider Form
   888 | D:2      | Reached skill level 1 in Poison Magic
   910 | D:2      | Found a faded altar of an unknown god.
  1029 | D:2      | Reached XP level 4. HP: 33/33 MP: 3/7
  1710 | D:3      | Noticed a scorpion
  1718 | D:2      | Killed a scorpion
  1719 | D:2      | Reached XP level 5. HP: 35/42 MP: 5/8
  1875 | D:3      | Reached XP level 6. HP: 46/48 MP: 6/9
  1942 | D:3      | Found a shimmering blue altar of Sif Muna.
  2113 | D:3      | Found an ornate altar of the Wu Jian Council.
  2162 | D:3      | Found the +7 Throatcutter {drain, coup de grace}
  2177 | D:3      | Reached skill level 5 in Unarmed Combat
  2200 | D:3      | Reached XP level 7. HP: 5/54 MP: 0/10
  2615 | D:4      | Reached skill level 5 in Dodging
  2696 | D:4      | Found a sand-covered staircase.
  2795 | Ossuary  | Entered an ossuary
  2937 | Ossuary  | Reached XP level 8. HP: 53/60 MP: 11/14
  2943 | Ossuary  | Learned a level 4 spell: Ice Form
  3037 | Ossuary  | Reached skill level 5 in Transmutations
  3085 | Ossuary  | Reached skill level 1 in Ice Magic
  3530 | D:4      | Noticed Dowan
  3541 | D:4      | Noticed Duvessa
  3562 | D:4      | HP: 1/61 [Duvessa/+0 short sword (8)]
  3770 | D:3      | Reached skill level 5 in Fighting
  3794 | D:4      | Killed Duvessa
  3865 | D:4      | Killed Dowan
  3913 | D:4      | Found Soang's General Store.
  3922 | D:4      | Bought a scroll of noise for 13 gold pieces
  3922 | D:4      | Bought a scroll of identify for 26 gold pieces
  4332 | D:4      | Reached XP level 9. HP: 69/69 MP: 10/15
  4837 | D:4      | Noticed Ijyb
  4856 | D:4      | Killed Ijyb
  5113 | D:4      | Bought a potion of might for 52 gold pieces
  5154 | D:5      | Entered Level 5 of the Dungeon
  6334 | D:5      | Noticed a hornet
  6341 | D:5      | Paralysed by a hornet for 1 turns
  6344 | D:5      | Killed a hornet
  6628 | D:5      | Reached skill level 5 in Stealth
  7254 | D:6      | Found a hide-covered altar of Uskayaw.
  7262 | D:6      | Became a worshipper of Uskayaw the Reveller
  7321 | D:6      | Reached * piety under Uskayaw
  7347 | D:6      | Reached ** piety under Uskayaw
  7383 | D:6      | Reached skill level 5 in Spellcasting
  7383 | D:6      | Reached skill level 1 in Invocations
  7609 | D:6      | Found a stormy altar of Qazlal.
  7787 | D:6      | Found a sparkling altar of Nemelex Xobeh.
  8024 | D:7      | Reached XP level 10. HP: 76/76 MP: 13/17
  8326 | D:7      | Found a flagged portal.
  8331 | Bailey   | Entered a bailey
  8436 | Bailey   | Reached *** piety under Uskayaw
  8444 | Bailey   | Reached **** piety under Uskayaw
  8583 | Bailey   | HP: 1/91 [orc warrior/+0 war axe (11)]
  8841 | Bailey   | Reached skill level 5 in Invocations
  8863 | Bailey   | Reached ***** piety under Uskayaw
  9670 | D:7      | Reached ****** piety under Uskayaw
 10213 | D:7      | Identified the +7 hand axe "Ulevieli" {protect, rElec
                  | Str+4}
 10226 | D:7      | Identified the +0 cloak "Wuopy" {Harm}
 10302 | D:7      | Found a glowing golden altar of the Shining One.
 10381 | D:7      | Found a bloodstained altar of Trog.
 10381 | D:7      | Found a shadowy altar of Dithmenos.
 10381 | D:7      | Found an iron altar of Okawaru.
 10608 | D:7      | Found a runed translucent door.
 10609 | D:7      | Noticed Zvl3's ghost (novice TeAE)
 10740 | D:7      | Found a staircase to the Ecumenical Temple.
 10765 | Temple   | Entered the Ecumenical Temple
 11190 | D:8      | Noticed Pikel
 11195 | D:8      | Killed Pikel
 11206 | D:8      | Identified the +7 hand axe of Cheibriados's Envy {vamp,
                  | Int+4}
 11363 | D:8      | Reached skill level 10 in Invocations
 11368 | D:8      | Reached XP level 11. HP: 44/81 MP: 14/18
 11415 | D:8      | Learned a level 5 spell: Blade Hands
 11630 | D:8      | Noticed Grum
 11674 | D:8      | Killed Grum
 12473 | D:9      | Found a snail-covered altar of Cheibriados.
 12573 | D:9      | Noticed a white ugly thing
 12585 | D:9      | Killed a white ugly thing
 13008 | D:9      | Found a staircase to the Orcish Mines.
 13617 | D:10     | Entered Level 10 of the Dungeon
 13620 | D:10     | Noticed Lodul
 13759 | D:9      | Killed Lodul
 14234 | D:10     | Reached skill level 10 in Transmutations
 14472 | D:10     | Noticed Fannar
 14513 | D:10     | Killed Fannar
 14746 | D:10     | Identified the +0 robe "Muofauf" {rElec Dex+4}
 15070 | D:10     | Noticed a fire giant
 15091 | D:10     | Noticed a skeletal warrior
 15092 | D:10     | Noticed a fire dragon
 15093 | D:10     | Noticed a centaur warrior
 15095 | D:10     | Noticed a brown ugly thing
 15940 | D:11     | Noticed a manticore
 16004 | D:10     | Reached XP level 12. HP: 62/92 MP: 15/20
 16263 | D:11     | Reached skill level 10 in Unarmed Combat
 17207 | D:11     | Found a staircase to the Lair.
 17290 | D:11     | Identified the +7 plate armour of the Land of Plenty
                  | {Int+3}
 17610 | Lair:1   | Entered Level 1 of the Lair of Beasts
 19064 | Lair:2   | Found a frozen archway.
 19073 | IceCv    | Entered an ice cave
 19630 | IceCv    | Slain by a two-headed ogre simulacrum

Illustrated notes

Levels and vault maps discovered:
D:1:      lightli_arrival_noodles, layout_basic
D:2:      layout_rooms, ebering_ecumenical_altar_sacrificial
D:3:      layout_rooms, mainiacjoe_overflow_24_doors,
          mainiacjoe_overflow_small_starburst, dilly_guarded_unrand_throatcut
D:4:      layout_gridville, nicolae_ossuary_entry_catacombs, serial_shops, shop,
          uniq_duvessa, uniq_ijyb
D:5:      layout_loops_corners, serial_bayou_ford_a, kennysheep_path_1
D:6:      nicolae_cairo_tiling, layout_cave_pods, nicolae_uskayaw_suspiria,
          grunt_qazlal_sundering, nemelex_diamond_rough_becter
D:7:      minmay_s_stair_smasher, layout_basic, gammafunk_temple_overflow_claw,
          mainiacjoe_overflow_cross_hatched, minmay_temple_entry_nine_rooms,
          enter_bailey_1, gammafunk_ghost_grave, grunt_decor_resistance
D:8:      minmay_general_purpose_star, layout_rooms, serial_glass,
          glass_columns_a, glass_columns_a, uniq_pikel, uniq_grum
D:9:      layout_loops_ring, cheibriados_altar_1, david_orc_5
D:10:     layout_big_octagon, onia_ninara_dug_in_and_dangerous, uniq_lodul,
          uniq_fannar
D:11:     layout_layer_cave, grunt_lair_entry_orc_guard_hut,
          chequers_serial_rivers_large_b
Temple:   nicolae_temple_hex_pool
Lair:1:   layout_long_grid
Lair:2:   layout_chaotic_city, minmay_shoals_entry_hut,
          portal_ice_cave_entry_pillars_1, serial_bayou_shore_b,
          grunt_megastairs_5
IceCv:    ice_cave_caverns_01

Skill      XL: |  1  2  3  4  5  6  7  8  9 10 11 12 |
---------------+-------------------------------------+-----
Fighting       | 2 3 4 6 8 |  8.0
Unarmed Combat | 4 6 8 9 12 | 12.0
Dodging        | 3 4 5 7 8 |  8.0
Stealth        | 1 3 5 |  5.0
Transmutations | 3 4 6 7 10 | 10.0
Poison Magic   | 1 |  1.0
Spellcasting   | 4 5 |  5.0
Ice Magic      | 4 |  4.0
Invocations    | 2 10 11 12 | 12.3

Action                     |  1- 3 |  4- 6 |  7- 9 | 10-12 || total
---------------------------+-------+-------+-------+-------++-------
  Melee: Unarmed           |    96 |    78 |   277 |   594 ||  1045
         Headbutt          |    12 |     2 |     1 |       ||    15
         Punch             |     2 |       |     3 |    18 ||    23
         Long sword        |       |       |    61 |    16 ||    77
   Fire: Shortbow          |       |       |       |    32 ||    32
   Cast: Beastly Appendage |    21 |     4 |     1 |     1 ||    27
         Spider Form       |     5 |    13 |    36 |    28 ||    82
         Ice Form          |       |       |    10 |    18 ||    28
         Blade Hands       |       |       |       |    48 ||    48
 Invoke: Line Pass         |       |       |       |     3 ||     3
Ability: End Transformatio |     1 |       |     1 |    20 ||    22
    Use: Scroll            |       |       |     9 |     3 ||    12
         Potion            |       |       |     5 |     1 ||     6
   Stab: Sleeping          |     3 |     3 |    11 |     7 ||    24
         Paralysed         |       |       |       |    47 ||    47
         Distracted        |       |       |       |     2 ||     2
 Armour: Robe              |     8 |     3 |     3 |     1 ||    15
         Skin              |     3 |     2 |    25 |    23 ||    53
         Leather armour    |       |       |       |    13 ||    13
         Acid dragon scale |       |       |       |    19 ||    19
  Dodge: Dodged            |    52 |    54 |   200 |   480 ||   786
